 Dungeon Crawl Stone Soup version 0.31-a0-40-g1d5085d191 (webtiles) character file.

Game seed: 4103120366839113195

210 hwolsky the Gusty (level 5, -1/38 HPs)
             Began as a Draconian Air Elementalist on May 17, 2023.
             Killed from afar by Sigmund (9 damage)
             ... with a magic dart
             ... on level 3 of the Dungeon.
             The game lasted 00:14:30 (3480 turns).

hwolsky the Gusty (Draconian Air Elementalist)      Turns: 3480, Time: 00:14:30

Health: -1/38      AC:  6    Str: 10    XL:     5   Next: 57%
Magic:  1/8        EV: 27    Int: 21    God:
Gold:   1168       SH:  0    Dex: 11    Spells: 2/8 levels left

rFire   x . .        (no weapon)
rCold   . . .        (no shield)
rNeg    . . .        (body armour unavailable)
rPois   .            (helmet restricted)
rElec   +            (no cloak)
rCorr   .            d - +0 pair of gloves
SInv    .            (no boots)
Will    .....        c - amulet "Kezoynkisei" {Acrobat rElec Int+3}
Stlth   ++           (no ring)
HPRegen 0.26/turn    (no ring)
MPRegen 0.11/turn

%: acrobat
@: acrobatic
A: AC +5, unfitting armour, cold-blooded, claws 1, heat vulnerability 1
a: no special abilities


You were on level 3 of the Dungeon.
You visited 1 branch of the dungeon, and saw 3 of its levels.

You collected 1168 gold pieces.

Inventory:

Armour
 d - a +0 pair of gloves (worn)
Jewellery
 c - the amulet "Kezoynkisei" (around neck) {Acrobat rElec Int+3}
   (You acquired it on level 3 of the Dungeon)

   [amulet of the acrobat]

   It increases your evasion while moving and waiting.
   Int:       It affects your intelligence (+3).
   rElec:     It insulates you from electricity.
Wands
 i - a wand of digging (1)
Scrolls
 f - 2 scrolls of fog
Potions
 a - a potion of magic
 b - a potion of cancellation
 g - a potion of degeneration {unknown}
 h - 2 potions of brilliance {unknown}


   Skills:
 + Level 2.7 Dodging
 + Level 3.0 Stealth
 - Level 2.0 Spellcasting
 + Level 2.5 Conjurations
 * Level 4.6 Air Magic


You had 2 spell levels left.
You knew the following spells:

 Your Spells              Type           Power      Damage    Failure   Level
a - Shock                 Conj/Air       68%        1d7       3%          1
b - Static Discharge      Conj/Air       34%        2-4/arc   4%          2
c - Swiftness             Air            21%        N/A       7%          3

Your spell library contained the following spells:

 Spells                   Type           Power      Damage    Failure   Level
 Airstrike                Air            10%        2d(2-18)  22%         4
 Frozen Ramparts          Ice            4%         1d1       41%         3
 Ice Form                 Ice/Tmut       2%         N/A       82%         4
 Summon Ice Beast         Ice/Summ       2%         N/A       82%         4


Dungeon Overview and Level Annotations

Branches:
Dungeon (3/15) Zot: 14518

Altars:
Hepliaklqana
Qazlal

Shops:
D:2 [

Annotations:
D:3 Sigmund


Innate Abilities, Weirdness & Mutations

Your plain brown scales are hard. (AC +5)
You cannot fit into any form of body armour.
You are cold-blooded and may be slowed by cold attacks.
You have sharp fingernails.
You are vulnerable to heat. (rF-)


Message History

Confirm with . or Enter, or press ? or * to list all spells.
Aiming: Shock (safe; 3% risk of failure)
Press: ? - help, Shift-Dir - straight line, f/p - Sigmund
Aim: Sigmund, wielding a +0 scythe and wearing a +0 robe (severely wounded, 68% to hit)
The zap misses Sigmund.
* * * LOW MAGIC WARNING * * *
Sigmund gestures at you while chanting.
You are confused.
You bump into the rock wall.
Sigmund gestures wildly while chanting.
Sigmund flickers and vanishes!
Deactivating autopickup; reactivate with Ctrl-A.
You bump into the rock wall.
Something hits you!
You bump into the rock wall.
Something hits you but does no damage.
Unknown command.
Something misses you.
You're too confused to move!
Something hits you.
* * * LOW HITPOINT WARNING * * *
You bump into the rock wall.
You feel less confused.
Unknown command.
Something misses you.
You barely miss something. Something hits you but does no damage.
You miss something.
Unknown command.
You hit something but do no damage.
Unknown command.
You closely miss something.
Your tail-slap misses something.
Something barely misses you.
Unknown command.
You miss something. Something hits you.
* * * LOW HITPOINT WARNING * * *
You hit something.
Unknown command.
You closely miss something. Something hits you.
* * * LOW HITPOINT WARNING * * *
Casting: Shock (safe; 3% risk of failure)
Confirm with . or Enter, or press ? or * to list all spells.
Okay, then.
Casting: Shock (safe; 3% risk of failure)
Confirm with . or Enter, or press ? or * to list all spells.
Aiming: Shock (safe; 3% risk of failure)
Press: ? - help, Shift-Dir - straight line
* * * LOW MAGIC WARNING * * *
Something hits you.
* * * LOW HITPOINT WARNING * * *
Casting: Shock (safe; 3% risk of failure)
Confirm with . or Enter, or press ? or * to list all spells.
Aiming: Shock (safe; 3% risk of failure)
Press: ? - help, Shift-Dir - straight line The zap hits something.
* * * LOW MAGIC WARNING * * *
Casting: Shock (safe; 3% risk of failure)
Confirm with . or Enter, or press ? or * to list all spells.
Okay, then.
Casting: Shock (safe; 3% risk of failure)
Confirm with . or Enter, or press ? or * to list all spells.
Aiming: Shock (safe; 3% risk of failure)
Press: ? - help, Shift-Dir - straight line The zap hits something.
* * * LOW MAGIC WARNING * * *
Something hits you.
* * * LOW HITPOINT WARNING * * *
It was a potion of curing.
You feel better. Something hits you.
* * * LOW HITPOINT WARNING * * *
You hit something. You hit something.
Your tail-slap misses something.
Something hits you but does no damage.
You barely miss something. Something hits you.
* * * LOW HITPOINT WARNING * * *
Casting: Shock (safe; 3% risk of failure)
Confirm with . or Enter, or press ? or * to list all spells.
Okay, then.
Casting: Shock (safe; 3% risk of failure)
Confirm with . or Enter, or press ? or * to list all spells.
Aiming: Shock (safe; 3% risk of failure)
Press: ? - help, Shift-Dir - straight line The zap hits something.
* * * LOW MAGIC WARNING * * *
Okay, then.
Aiming: Dig
Press: ? - help, Q - select action, (/) - cycle Shift-Dir - straight line You can't see that place. [a rock wall.]
The rock shatters into small pieces.
Something misses you.
Casting: Shock (safe; 3% risk of failure)
Confirm with . or Enter, or press ? or * to list all spells.
Okay, then.
A magic dart appears from out of thin air!
The magic dart hits you!
You die...

.....##
#......#......##.######)#
......#
#......#......##.####.#.#
##....#
#.............##......#.#
#....)#
#.............#######.#)#
#.....#
#........######.........#
#.....# #####....#
##.#####.#.. #.....#
#....# ##..#####.#.#
#.....# #....#
##.#....##.#.# #.....#
####@###.#####.##.#.#
#.....#
#...{.....#.##.#<#
#######
###.#####.#.##.#.. #.##
#.#.##.#.# #.# #.#.#..#..
## #...#.#### ###.#.#
###.# #.#


There were no monsters in sight!

Vanquished Creatures
  An orc priest (D:3)
  Terence (D:3)
  Jessica (D:2)
  Ijyb (D:3)
  An orc wizard (D:3)
  2 adders
  2 worms (D:3)
  A dart slug (D:2)
  4 orcs (D:3)
  6 endoplasms
  A giant cockroach (D:1)
  2 hobgoblins
  2 jackals (D:2)
  5 quokkas
  6 ball pythons
  6 bats
  2 frilled lizards (D:3)
  A goblin (D:1)
  5 kobolds
  4 rats (D:1)
54 creatures vanquished.

Notes
Turn   | Place    | Note
-------+----------+-------------------------------------------
     0 | D:1      | hwolsky the Draconian Air Elementalist began the quest for
                  | the Orb.
     0 | D:1      | Reached XP level 1. HP: 14/14 MP: 3/3
   270 | D:1      | Reached XP level 2. HP: 20/20 MP: 0/5
  1178 | D:2      | Reached XP level 3. HP: 26/26 MP: 0/6
  1181 | D:2      | Learned a level 2 spell: Static Discharge
  1239 | D:2      | You fall into a shaft and drop 1 floor!
  1264 | D:3      | Noticed Ijyb
  1288 | D:3      | Killed Ijyb
  1637 | D:3      | Noticed Terence
  1658 | D:3      | Identified a scroll of acquirement
  1658 | D:3      | Acquired the amulet "Kezoynkisei" {Acrobat rElec Int+3}
  1668 | D:3      | Killed Terence
  1669 | D:3      | Reached skill level 4 in Air Magic
  1669 | D:3      | Reached XP level 4. HP: 18/33 MP: 0/7
  1888 | D:3      | Acquired 1030 gold pieces
  1931 | D:3      | Learned a level 3 spell: Swiftness
  2151 | D:3      | Gained mutation: You have sharp fingernails. [potion of
                  | mutation]
  2151 | D:3      | Gained mutation: You are vulnerable to heat. (rF-) [potion
                  | of mutation]
  2179 | D:3      | Reached XP level 5. HP: 35/38 MP: 5/8
  2302 | D:3      | Noticed Sigmund
  2477 | D:2      | Noticed Jessica
  2487 | D:2      | Found a stormy altar of Qazlal.
  2698 | D:2      | Found Reviotol's Armour Shop.
  2826 | D:2      | Killed Jessica
  3330 | D:3      | Found a hazy altar of Hepliaklqana.
  3480 | D:3      | Killed from afar by Sigmund

Illustrated notes

Levels and vault maps discovered:
D:1:      saegor_arrival_simple_d, layout_basic, minmay_tromino_v2
D:2:      layout_basic, basic_altar, serial_shops, shop, uniq_jessica
D:3:      layout_basic, nzn_hepliaklqana_mist_gate, uniq_terence, uniq_ijyb,
          uniq_sigmund

Skill      XL: |  1  2  3  4  5 |
---------------+----------------+-----
Stealth        | 2 3 |  3.0
Dodging        | 2 |  2.7
Conjurations   | 2 |  2.5
Air Magic      | 4 |  4.6
Spellcasting   | |  2.0

Action                     |  1- 3 |  4- 6 || total
---------------------------+-------+-------++-------
  Melee: Unarmed           |    96 |    81 ||   177
         Tailslap          |     9 |     5 ||    14
         Punch             |     1 |     1 ||     2
   Cast: Shock             |    73 |    43 ||   116
         Static Discharge  |     3 |     3 ||     6
         Swiftness         |       |     2 ||     2
  Evoke: Wand              |       |     1 ||     1
    Use: Scroll            |     3 |     4 ||     7
         Potion            |     2 |     4 ||     6
 Armour: Skin              |    40 |    35 ||    75
  Dodge: Dodged            |    84 |    40 ||   124

Table legend: (Time is in decaauts)
 A = Elapsed time spent in this place.
 B = Non-inter-level travel time spent in this place.
 C = Inter-level travel time spent in this place.
 D = Time resting spent in this place.
 E = Time spent auto-exploring this place.
 F = Levels seen in this place.
 G = Mean time per level.
                   A        B        C        D        E       F      G
               +--------+--------+--------+--------+--------+-----+--------+
         Total |   3480 |   3389 |     91 |      0 |   2594 |   3 | 1160.0 |
       Dungeon |   3480 |   3389 |     91 |      0 |   2594 |   3 | 1160.0 |
               +--------+--------+--------+--------+--------+-----+--------+

Top non-repeatable levels by time:
     D:3: 1315 daAuts
     D:1: 1152 daAuts
     D:2: 1013 daAuts
